AoeStats
← Striker1904

Arabia

509441733Analyzed
2v2 RM · 5d ago on Sep 26, 2026· 71m 5s· 4 players
Game mode
Random Map
Map size
Medium (4 player)
Population
200
Speed
Normal
Resources
Standard
Victory
Conquest
Starting age
Dark Age
Ending age
Imperial Age
RankedLock teamsTeams togetherTeam positionsShared explorationLock speedFull tech treeHidden civsTurbo modeCheats
Victory
Defeat
🇩🇪 Romans · Germany
1076
+15
🇩🇪 Danes · Germany
1066
+16
🇳🇱 Maya · Netherlands
1160
-20
🇺🇸 Persians · United States
960
-11
Builder
0:25 Loom
9:56 Feudal Age
13:52 Double-Bit Axe
16:13 Fletching
20:06 Padded Archer Armor
24:21 Castle Age
22:39 Horse Collar
25:19 Bodkin Arrow
24:51 Crossbowman
26:04 Heavy Plow
27:01 Wheelbarrow
28:49 Ballistics
29:28 Town Watch
33:46 Leather Archer Armor
34:44 Thumb Ring
37:38 Bow Saw
37:59 Scale Mail Armor
40:44 Imperial Age
38:59 Forging
39:20 Gold Mining
40:11 Chain Mail Armor
40:52 Iron Casting
39:44 Eagle Warrior
41:52 Bracer
45:56 Hand Cart
45:41 Town Patrol
45:43 Arbalester
46:55 Ring Archer Armor
51:10 Stone Mining
52:24 Conscription
52:35 Plate Mail Armor
53:06 Blast Furnace
53:10 Holcans
52:16 Elite Eagle Warrior
59:14 Arson
68:31 Two-Man Saw
Lil Bullz
6:32 Loom
8:58 Feudal Age
11:09 Double-Bit Axe
11:32 Horse Collar
17:12 Town Watch
19:01 Gold Mining
22:57 Castle Age
23:06 Fletching
23:30 Bloodlines
23:28 Padded Archer Armor
23:59 Thumb Ring
25:46 Bow Saw
26:28 Wheelbarrow
28:19 Bodkin Arrow
28:40 Leather Archer Armor
28:49 Hand Cart
30:19 Town Patrol
31:26 Husbandry
32:28 Parthian Tactics
38:45 Imperial Age
41:21 Two-Man Saw
41:25 Chemistry
41:06 Heavy Cavalry Archer
43:29 Scale Barding Armor
45:43 Cavalier
54:25 Heavy Camel Rider
56:37 Ballistics
57:29 Savar
69:01 Light Cavalry
Timoptimo
7:07 Loom
9:33 Feudal Age
9:51 Man-at-Arms
10:49 Double-Bit Axe
15:23 Fletching
21:35 Castle Age
20:01 Padded Archer Armor
20:23 Arson
20:39 Scale Mail Armor
20:32 Horse Collar
20:44 Gold Mining
21:43 Forging
21:46 Long Swordsman
22:39 Gambesons
23:50 Squires
27:41 Leather Archer Armor
27:43 Chain Mail Armor
27:47 Stone Mining
30:02 Elite Skirmisher
32:19 Bodkin Arrow
34:21 Wheelbarrow
39:14 Imperial Age
37:44 Ballistics
37:19 Murder Holes
38:12 Scale Barding Armor
38:24 Bow Saw
38:33 Light Cavalry
39:24 Bloodlines
40:16 Husbandry
41:11 Chain Barding Armor
41:45 Iron Casting
45:31 Chemistry
49:12 Ring Archer Armor
49:00 Bracer
50:23 Masonry
53:45 Cranequins
56:07 Plate Mail Armor
56:38 Blast Furnace
56:10 Capped Ram
56:15 Two-Handed Swordsman
57:38 Thumb Ring
57:32 Champion
58:48 Siege Engineers
61:58 Plate Barding Armor
63:23 Conscription
62:24 Hamask
65:04 Northmen's Fury
70:06 Capped Ram
71:26 Town Watch
Striker1904
6:48 Loom
9:54 Feudal Age
10:28 Double-Bit Axe
10:13 Man-at-Arms
12:48 Forging
21:14 Castle Age
21:08 Bloodlines
21:53 Horse Collar
22:26 Bow Saw
22:33 Scale Barding Armor
23:59 Iron Casting
27:59 Fletching
28:09 Padded Archer Armor
29:17 Wheelbarrow
28:20 Elite Skirmisher
33:00 Leather Archer Armor
33:54 Town Watch
36:43 Ballistics
36:23 Pikeman
41:59 Imperial Age
39:46 Hand Cart
40:13 Scale Mail Armor
40:09 Bodkin Arrow
43:40 Conscription
46:15 Siege Engineers
47:11 Chemistry
50:08 Chain Barding Armor
50:49 Blast Furnace
53:50 Town Patrol
53:58 Murder Holes
57:25 Halberdier
63:54 Long Swordsman
64:36 Squires
64:34 Legionary
Connection lost

Rejoining the realm…

Still unreachable

The connection could not be restored.

Session expired

The server has moved on; the page needs a fresh start.